 Dungeon Crawl Stone Soup version 0.23.2-33-g5129a83184 (webtiles) character file.

Game seed: 10674443001484811464

3445 Aesthetico the Covert (level 9, -1/69 HPs)
             Began as a Vampire Chaos Knight on July 18, 2019.
             Was a Priest of Wu Jian.
             Slain by a black bear (6 damage)
             ... on level 8 of the Dungeon.
             The game lasted 00:28:13 (8821 turns).

Aesthetico the Covert (Vampire Chaos Knight)        Turns: 8821, Time: 00:28:13

Health: -1/69      AC:  6    Str: 11    XL:     9   Next: 77%
Magic:  9/9        EV: 15    Int: 15    God:    Wu Jian [***...]
Gold:   286        SH:  0    Dex: 14    Spells: 8/8 levels left

rFire    . . .     SeeInvis +   g - +0 blowgun
rCold    + . .     Gourm    .   (no shield)
rNeg     + + .     Faith    .   b - +2 leather armour
rPois    +         Spirit   .   (no helmet)
rElec    .         Reflect  .   (no cloak)
rCorr    .         Harm     +   j - +0 pair of gloves
MR       .....                  (no boots)
Stlth    +++++.....             h - amulet of harm
HPRegen  0.10/turn              (no ring)
MPRegen  0.11/turn              (no ring)

@: regenerating slowly
A: fangs 3, see invisible, clumsy 1, unbreathing
a: Bat Form, Wall Jump, Serpent's Lash, Renounce Religion


You were on level 8 of the Dungeon.
You worshipped Wu Jian.
Wu Jian was most pleased with you.
You were thirsty.

You visited 1 branch of the dungeon, and saw 8 of its levels.

You collected 286 gold pieces.

Inventory:

Hand Weapons
 a - a +0 short sword of chaos
 g - a +0 blowgun (weapon)
Missiles
 f - 37 poisoned needles (quivered)
 u - 3 curare-tipped needles
Armour
 b - a +2 leather armour (worn)
 j - a +0 pair of gloves (worn)
 v - a +2 robe of magic resistance
Magical Staves
 o - an uncursed staff of air {unknown}
Jewellery
 h - an amulet of harm (around neck)
Wands
 l - a wand of iceblast (6)
 q - a wand of random effects (28)
 s - a wand of flame (18)
 t - a wand of enslavement (9)
Scrolls
 d - 6 scrolls of identify
 e - 3 scrolls of fear
 m - a scroll of enchant weapon {unknown}
 n - a scroll of teleportation
 p - 2 scrolls of amnesia {unknown}
 r - a scroll of magic mapping
Potions
 c - 11 potions of blood
 i - a potion of ambrosia
 k - 2 potions of flight


   Skills:
 - Level 6.3 Fighting
 - Level 10.0 Short Blades
 - Level 0.7 Armour
 - Level 6.2 Dodging
 + Level 11.1 Stealth


You had 8 spell levels left.
You didn't know any spells.
Your spell library contained the following spells:

 Spells                   Type           Power        Failure   Level  Hunger
 Beastly Appendage        Tmut           #.....       34%         1    ##.....
 Sticks to Snakes         Tmut           #.......     47%         2    ###....
 Spider Form              Tmut/Pois      #.........   71%         3    ####...
 Ice Form                 Ice/Tmut       #.......     98%         4    #####..
 Blade Hands              Tmut           #.........   100%        5    ######.


Dungeon Overview and Level Annotations

Branches:
Dungeon (8/15)
 Temple: D:4-7         Lair: D:8-11

Altars:
Fedhas
Makhleb
Nemelex Xobeh
Qazlal
Sif Muna
Vehumet
Wu Jian
Xom
The Shining One


Innate Abilities, Weirdness & Mutations

You heal slowly.
You have razor-sharp teeth.
You have supernaturally acute eyesight. (SInv)
You can survive without breathing.
You are clumsy. (Dex -2)


Message History

You open the gate. 3 worker ants come into view.
The black bear bites you.
* * * LOW HITPOINT WARNING * * *
The black bear barely misses you.
The black bear claws you but does no damage.
Aiming: Wall Jump
Press: ? - help, Dir - move target cursor, p - black bear You attack the worker ant from above.
The helpless worker ant fails to defend itself.
You clumsily bash the worker ant but do no damage.
A worker ant comes into view.
The black bear barely misses you. The black bear claws you.
* * * LOW HITPOINT WARNING * * *
The black bear barely misses you.
The worker ant bites you but does no damage.
The black bear bites you.
* * * LOW HITPOINT WARNING * * *
The black bear claws you.
You die...

.#....# .....[# ..a
#.>(..## . ###..
.......###..# .#..
........###.. ...##
##$......#....
....#
#.....(.##...###...
########.###.a#○a#
##..##a°@#
##..#'○h# ##...%h#
##..(## ##..# ####


You could see 2 black bears and 4 worker ants.

Vanquished Creatures
  Erica (D:8)
  Pikel (D:4)
  Sigmund (D:3)
  2 hungry ghosts
  A slave (D:4)
  2 phantoms (D:7)
  2 sky beasts
  A black bear (D:6)
  An ogre (D:7)
  A crocodile (D:8)
  2 bullfrogs (D:6)
  4 scorpions
  A howler monkey (D:7)
  A crimson imp (D:6)
  A bullfrog zombie (D:7)
  2 hounds
  3 jellies
  3 orc priests
  2 centaur skeletons
  An iguana (D:7)
  8 orc wizards
  4 worker ants
  Robin (D:4)
  4 adders
  A howler monkey skeleton (D:7)
  A shadow imp (D:7)
  An ooze (D:4)
  An adder skeleton (D:4)
  4 worms
  5 dart slugs
  4 leopard geckos
  27 orcs
  8 giant cockroaches
  12 goblins
  12 hobgoblins
  8 jackals
  10 kobolds
  4 quokkas
  3 ball pythons
  6 bats
  2 frilled lizards (D:2)
  A jackal zombie (D:5)
  A quokka zombie (D:2)
  7 rats
168 creatures vanquished.

Vanquished Creatures (collateral kills)
  An orc wizard (D:5)
1 creature vanquished.

Vanquished Creatures (others)
  An adder (D:3)
1 creature vanquished.

Grand Total: 170 creatures vanquished

Notes
Turn   | Place    | Note
-------+----------+-------------------------------------------
     0 | D:1      | Aesthetico the Vampire Chaos Knight began the quest for the
                  | Orb.
     0 | D:1      | Reached XP level 1. HP: 17/17 MP: 1/1
   439 | D:1      | Reached XP level 2. HP: 21/23 MP: 2/2
   926 | D:2      | XOM: silly message
   969 | D:2      | Reached XP level 3. HP: 8/28 MP: 3/3
   999 | D:2      | XOM: harmless Chrm miscast
  1008 | D:2      | XOM: silly message
  1115 | D:2      | XOM: noise
  1173 | D:2      | Found an ornate altar of the Wu Jian Council.
  1183 | D:2      | Fell from the grace of Xom
  1183 | D:2      | Became a worshipper of the Wu Jian Council
  1209 | D:2      | Found a shimmering altar of Xom.
  1647 | D:2      | Reached skill level 5 in Short Blades
  2070 | D:2      | XOM: scenery: 1 doors open, 1 doors close
  2220 | D:3      | Found a sparkling altar of Nemelex Xobeh.
  2336 | D:3      | Reached XP level 4. HP: 22/34 MP: 4/4
  2349 | D:3      | Found a blossoming altar of Fedhas.
  2359 | D:3      | Noticed Sigmund
  2391 | D:3      | XOM: give mutations
  2391 | D:3      | Gained mutation: You are clumsy. (Dex -2) [Xom's mischief]
  2391 | D:3      | Gained mutation: You are dopey. (Int -2) [Xom's mischief]
  2879 | D:2      | XOM: give mutation
  2879 | D:2      | Lost mutation: You are dopey. (Int -2) [Xom's mischief]
  2925 | D:2      | XOM: stat loss: -1 Int (10/14)
  3035 | D:3      | Reached * piety under Wu Jian
  3549 | D:3      | Killed Sigmund
  3549 | D:3      | Reached XP level 5. HP: 39/39 MP: 5/5
  3549 | D:3      | Reached XP level 6. HP: 46/46 MP: 6/6
  3766 | D:3      | XOM: mild Summ miscast
  4137 | D:3      | XOM: medium Necr miscast
  4138 | D:3      | Noticed a shadow
  4138 | D:3      | Noticed a shadow
  4626 | D:4      | Noticed Robin
  4661 | D:4      | Killed Robin
  4684 | D:4      | Noticed a slave
  4684 | D:4      | Noticed a slave
  4686 | D:4      | Noticed Pikel
  4686 | D:4      | Noticed a slave
  4687 | D:4      | Noticed a slave
  4696 | D:4      | Killed a slave
  4917 | D:3      | XOM: summons 1 hostile demon
  5113 | D:3      | XOM: mild Chrm miscast
  5300 | D:3      | XOM: mild Ice miscast
  5379 | D:3      | XOM: medium Tmut miscast
  5477 | D:4      | Killed Pikel
  5477 | D:4      | Reached XP level 7. HP: 8/58 MP: 7/7
  5884 | D:5      | Entered Level 5 of the Dungeon
  5888 | D:5      | Reached skill level 1 in Stealth
  5898 | D:5      | Reached skill level 2 in Stealth
  5898 | D:5      | Reached XP level 8. HP: 59/64 MP: 8/8
  5992 | D:5      | Found a glowing golden altar of the Shining One.
  6006 | D:5      | Noticed a guardian serpent
  6006 | D:5      | a sky beast changed into a guardian serpent
  6337 | D:6      | Reached ** piety under Wu Jian
  6635 | D:6      | Reached skill level 5 in Dodging
  7086 | D:6      | XOM: confusion (+ monsters)
  7300 | D:7      | XOM: mild Ice miscast
  7363 | D:7      | Reached XP level 9. HP: 53/69 MP: 9/9
  7443 | D:7      | Reached skill level 10 in Short Blades
  7513 | D:7      | Found a deep blue altar of Sif Muna.
  7566 | D:7      | Found a radiant altar of Vehumet.
  7756 | D:7      | Found a burning altar of Makhleb.
  7760 | D:7      | Reached skill level 3 in Stealth
  7849 | D:7      | Reached skill level 4 in Stealth
  8138 | D:7      | Reached skill level 5 in Stealth
  8149 | D:7      | Found a stormy altar of Qazlal.
  8231 | D:7      | XOM: noise
  8289 | D:8      | Reached skill level 6 in Stealth
  8329 | D:8      | Noticed Erica
  8418 | D:7      | Reached skill level 7 in Stealth
  8743 | D:8      | Killed Erica
  8743 | D:8      | Reached *** piety under Wu Jian
  8743 | D:8      | Reached skill level 11 in Stealth
  8821 | D:8      | Slain by a black bear

Skill      XL: |  1  2  3  4  5  6  7  8  9 |
---------------+----------------------------+-----
Short Blades   | 4 5 7 8 9 10 | 10.0
Fighting       | 6 |  6.3
Stealth        | 2 11 | 11.1
Dodging        | 6 |  6.2
Armour         | |  0.7

Action                   |  1- 3 |  4- 6 |  7- 9 || total
-------------------------+-------+-------+-------++-------
Melee: Short sword       |   153 |   312 |   364 ||   829
       Bite              |    20 |    22 |    38 ||    80
       Blowgun           |       |       |     4 ||     4
 Fire: Blowgun           |       |     6 |    21 ||    27
Invok: Lunge             |     4 |    13 |    19 ||    36
       Whirlwind         |       |   135 |   108 ||   243
 Abil: End Transformatio |       |     1 |       ||     1
       Bat Form          |       |     1 |       ||     1
       Wall Jump         |       |       |    20 ||    20
  Use: Potion            |     3 |    19 |    11 ||    33
       Scroll            |       |     9 |     2 ||    11
 Stab: Sleeping          |     2 |     2 |     9 ||    13
       Paralysed         |     1 |       |     2 ||     3
       Fleeing           |       |     1 |       ||     1
       Petrifying        |       |     1 |     2 ||     3
       Confused          |       |     1 |     3 ||     4
       Petrified         |       |     1 |       ||     1
       Distracted        |       |       |     3 ||     3
Armor: Leather armour    |    40 |    64 |    58 ||   162
Dodge: Dodged            |   104 |   167 |   154 ||   425
